 Dungeon Crawl Stone Soup version 0.31.0-12-g77e489cdc1 (webtiles) character file.

Game seed: 15131706102480747233

2286 Knekkebjoern2 the Cleaver (level 9, -3/81 HPs)
             Began as a Hill Orc Fighter on Feb 17, 2024.
             Succumbed to a gnoll's poison
             ... on level 6 of the Dungeon on Feb 18, 2024.
             The game lasted 00:23:10 (5513 turns).

Knekkebjoern2 the Cleaver (Hill Orc Fighter)        Turns: 5513, Time: 00:23:11

Health: -3/81      AC: 15    Str: 26    XL:     9   Next: 39%
Magic:  9/9        EV:  8    Int: 11    God:
Gold:   294        SH:  8    Dex:  8    Spells: 8/8 levels left

rFire   . . .        a - +1 war axe
rCold   . . .        c - +0 buckler
rNeg    . . .        e - +0 chain mail
rPois   .            q - +1 helmet
rElec   .            (no cloak)
rCorr   .            h - +0 pair of gloves
SInv    +            f - +0 pair of boots
Will    .....        (no amulet) Stlth
                     l - ring of see invisible
HPRegen 0.33/turn    (no ring)
MPRegen 0.11/turn

%: no passive effects
@: lethally poisoned (-3 -> -55), attractive
A: large bone plates 1, clever 1, strong 1, MP-powered wands
a: no special abilities


You were on level 6 of the Dungeon.
You visited 1 branch of the dungeon, and saw 7 of its levels.

You collected 294 gold pieces.

Inventory:

Hand Weapons
 a - a +1 war axe (weapon)
 t - a +4 hand axe
Missiles
 s - 2 throwing nets (quivered)
Armour
 c - a +0 buckler (worn)
 e - a +0 chain mail (worn)
 f - a +0 pair of boots (worn)
 h - a +0 pair of gloves (worn)
 m - the +1 ring mail of the Lobster {rElec rC+ Will- Dex+3}
   (You found it on level 3 of the Dungeon)

   Dex+3:     It affects your dexterity (+3).
   rC+:       It protects you from cold.
   rElec:     It insulates you from electricity.
   Will-:     It decreases your willpower.
 q - a +1 helmet (worn)
Jewellery
 l - a ring of see invisible (left hand)
Wands
 n - a wand of acid (4)
Scrolls
 b - 2 scrolls of enchant armour {unknown}
 g - a scroll of poison
 o - 2 scrolls of teleportation
 r - a scroll of fog
Potions
 d - a potion of magic
 i - 2 potions of mutation
 j - 2 potions of degeneration
 p - a potion of brilliance {unknown}


   Skills:
 + Level 8.2 Fighting
 + Level 8.4 Axes
 + Level 7.4 Armour
 - Level 3.2 Shields
 + Level 6.0 Evocations


You had 8 spell levels left.
You didn't know any spells.
Your spell library contained the following spells:

 Spells                   Type           Power      Damage    Failure   Level
 Summon Ice Beast         Ice/Summ       0%         N/A       99%         3
 Summon Mana Viper        Hex/Summ       0%         N/A       100%        5
 Monstrous Menagerie      Summ           0%         N/A       100%        7


Dungeon Overview and Level Annotations

Branches:
Dungeon (7/15)
 Temple: D:4-7

Altars:
Ashenzari
Elyvilon
Okawaru
Qazlal
Vehumet
Zin
The Shining One


Innate Abilities, Weirdness & Mutations

You are partially covered in large bone plates. (SH +4)
Your mind is acute. (Int +4, Str/Dex -1)
Your muscles are strong. (Str +4, Int/Dex -1)
You expend magic power (3 MP) to strengthen your wands.


Message History

The gnoll is lightly wounded.
You feel very sick. The gnoll misses you.
You hit the gnoll.
The gnoll is moderately wounded.
You feel very sick.
The gnoll hits you with a +2 flail of venom.
You are more poisoned.
You barely miss the gnoll.
The gnoll is moderately wounded.
You feel very sick.
The gnoll hits you with a +2 flail of venom.
You are more poisoned.
The gnoll hits you with a +2 flail of venom.
You are more poisoned.
Okay, then.
Aiming: Corrosive Bolt
Press: ? - help, Shift-Dir - straight line, f - gnoll
Aim: a gnoll, wielding a +2 flail of venom (moderately wounded, 77% to hit)
The bolt of acid misses the gnoll.
You feel extremely sick. The gnoll closely misses you.
Okay, then.
You hit the gnoll.
The gnoll is almost dead.
You feel very sick.
The gnoll hits you with a +2 flail of venom.
You are lethally poisoned!
It was a potion of mutation.
You feel extremely strange.
You feel your magical essence link to the dungeon's wands.
You feel stronger.
You feel clever.
Large bone plates grow over parts of your arms.
* * * LOW HITPOINT WARNING * * *
You feel extremely sick.
The gnoll hits you with a +2 flail of venom!
* * * LOW HITPOINT WARNING * * *
You are more poisoned.
It was a potion of attraction.
You feel attractive to monsters.
You die...

#..........###....##...
#...........###.###...# ###
##..........##........#
##.###..................#.##
##...###........##.......#
#......#.......####........#
###...........##..##........
##..........##g.##...#.....
###......(..#@'#..#.###...
##.................##.......
#...............#..##.......
###..........##.....#.......
##.....##.................
#...#....................
##.##........#...........
####..#.................
##.#....##...........


You could see a gnoll.

Vanquished Creatures
  Sigmund (D:2)
  2 water moccasins (D:6)
  An ice beast (D:6)
  An ogre (D:5)
  A black bear (D:5)
  A phantom (D:4)
  2 kobold brigands (D:6)
  2 scorpions (D:5)
  3 gnoll sergeants (D:6)
  4 wights (D:6)
  2 killer bees (D:6)
  A howler monkey (D:4)
  2 bombardier beetles
  4 jellies
  A gnoll bouda (D:5)
  4 hounds
  An orc priest (D:4)
  2 sleepcaps
  Natasha (D:4)
  2 iguanas
  An orc wizard (D:3)
  Robin (D:2)
  10 gnolls (D:6)
  9 adders
  A shadow imp (D:5)
  A white imp (D:6)
  2 dart slugs
  2 ribbon worms
  8 orcs
  4 endoplasms
  3 giant cockroaches
  13 goblins
  3 hobgoblins
  2 jackals (D:2)
  15 kobolds
  5 quokkas
  7 ball pythons
  2 bats
  2 rats
129 creatures vanquished.

Notes
Turn   | Place    | Note
-------+----------+-------------------------------------------
     0 | D:1      | Knekkebjoern2 the Hill Orc Fighter began the quest for the
                  | Orb.
     0 | D:1      | Reached XP level 1. HP: 19/19 MP: 1/1
   159 | D:1      | Reached XP level 2. HP: 27/27 MP: 2/2
   346 | D:2      | Noticed Sigmund
   368 | D:1      | Reached skill level 1 in Evocations
   920 | D:2      | Reached XP level 3. HP: 29/33 MP: 3/3
   997 | D:2      | Noticed Robin
  1011 | D:2      | Killed Robin
  1071 | D:2      | Reached XP level 4. HP: 12/41 MP: 4/4
  1470 | D:2      | Reached XP level 5. HP: 44/47 MP: 5/5
  1492 | D:2      | Killed Sigmund
  1493 | D:2      | Reached skill level 5 in Fighting
  1493 | D:2      | Reached XP level 6. HP: 55/56 MP: 6/6
  1727 | D:2      | Found a faded altar of an unknown god.
  2414 | D:3      | Identified the +1 ring mail of the Lobster {rElec rC+ Will-
                  | Dex+3}
  2466 | D:3      | Found a glowing golden altar of the Shining One.
  2518 | D:4      | Reached skill level 5 in Axes
  2793 | D:5      | Entered Level 5 of the Dungeon
  2794 | D:5      | Noticed a black bear
  2845 | D:4      | Reached skill level 5 in Armour
  2845 | D:4      | Reached XP level 7. HP: 61/61 MP: 7/7
  3024 | D:4      | Noticed Natasha
  3033 | D:4      | Killed Natasha
  3106 | D:4      | Found a radiant altar of Vehumet.
  3168 | D:4      | Found a stormy altar of Qazlal.
  3808 | D:5      | Reached XP level 8. HP: 41/71 MP: 8/8
  3920 | D:5      | Found a glowing silver altar of Zin.
  3920 | D:5      | Found an iron altar of Okawaru.
  4013 | D:5      | Found a white marble altar of Elyvilon.
  4208 | D:5      | Found a broken altar of Ashenzari.
  4344 | D:6      | Reached skill level 5 in Evocations
  4632 | D:6      | Reached XP level 9. HP: 77/79 MP: 9/9
  5512 | D:6      | Gained mutation: You expend magic power (3 MP) to
                  | strengthen your wands. [potion of mutation]
  5512 | D:6      | Gained mutation: Your muscles are strong. (Str +4, Int/Dex
                  | -1) [potion of mutation]
  5512 | D:6      | Gained mutation: Your mind is acute. (Int +4, Str/Dex -1)
                  | [potion of mutation]
  5512 | D:6      | Gained mutation: You are partially covered in large bone
                  | plates. (SH +4) [potion of mutation]
  5513 | D:6      | Succumbed to a gnoll's poison

Illustrated notes

Levels and vault maps discovered:
D:1:      scummos_arrival_checkerplants, layout_basic, minmay_tree_intersection,
          minmay_door_square
D:2:      layout_loops_ring, shapermc_ecumenical_altar_mp_ritualfount,
          uniq_robin, uniq_sigmund
D:3:      layout_loops_cross, mainiacjoe_overflow_alcove_2, hex_large,
          eino_curves_01, chequers_arboretum
D:4:      layout_loops_ring, grunt_qazlal_sundering,
          mainiacjoe_overflow_alcove_1, uniq_natasha
D:5:      layout_rooms, nicolae_overflow_macrodata_refinement
D:6:      layout_cave_pools, regret_index_xom_of_box,
          lemuel_coloured_pillars_altar, serial_gnoll_camp,
          gnoll_camp_mini_loothouse, gnoll_camp_mini_hut, gnoll_camp_mini_hut,
          gnoll_camp_huts_basic, nicolae_grassy_gnolls
D:7:      layout_rooms, trog_hazing_becter, lemuel_tele_altar,
          minmay_temple_entry_arrows, chequers_serial_rivers_small_3

Skill      XL: |  1  2  3  4  5  6  7  8  9 |
---------------+----------------------------+-----
Axes           | 3 4 5 6 7 8 |  8.4
Fighting       | 4 5 6 7 8 |  8.2
Evocations     | 1 2 3 4 5 6 |  6.0
Armour         | 4 5 6 7 |  7.4
Shields        | |  3.2

Action                     |  1- 3 |  4- 6 |  7- 9 || total
---------------------------+-------+-------+-------++-------
  Melee: War axe           |    83 |    94 |   269 ||   446
  Evoke: Wand              |       |       |     3 ||     3
    Use: Scroll            |     2 |     3 |     5 ||    10
         Potion            |       |     1 |     4 ||     5
 Armour: Scale mail        |    59 |     1 |       ||    60
         Chain mail        |       |    78 |   237 ||   315
  Dodge: Dodged            |    35 |    50 |   114 ||   199
  Block: Buckler           |    16 |    18 |    67 ||   101
